 Dungeon Crawl Stone Soup version 0.15.2 (webtiles) character file.

32 MistressOfTheSands the Insei (level 3, 0/29 HPs)
             Began as a Mummy Monk on Nov 9, 2015.
             Slain by a kobold
             ... wielding a +0 whip
              (3 damage)
             ... on Level 2 of the Dungeon.
             The game lasted 00:01:10 (840 turns).

MistressOfTheSands the Insei (Mummy Monk)            Turns: 840, Time: 00:01:10

HP   0/29        AC  3     Str 14      XL: 3   Next:  8%
MP   3/3         EV 13     Int  9      God:
Gold 69          SH  0     Dex 15      Spells:  0 memorised,  2 levels left

rFire  x . .     SeeInvis .       - Unarmed
rCold  + . .     Clarity  .     a - +0 robe
rNeg   + + +     rCorr    .     (no shield)
rPois  +         rRot     +     (no helmet)
rElec  .         Spirit   .     (no cloak)
SustAb .         Warding  .     g - +0 pair of gloves
rMut   .         Stasis   .     (no boots)
Gourm  .                        (no amulet)
MR     +....                    h - ring of protection from magic
                                e - cursed ring of loudness

@: somewhat resistant to hostile enchantments, very unstealthy
A: no food or potions, fire vulnerability, restore body, cold resistance 1,
negative energy resistance 3, poison resistance, torment resistance, unbreathing
a: no special abilities


You were on level 2 of the Dungeon.
You were not hungry.

You visited 1 branch of the dungeon, and saw 2 of its levels.

You collected 69 gold pieces.


Innate Abilities, Weirdness & Mutations

You do not eat or drink.
Your flesh is vulnerable to fire.
Your flesh is cold resistant.
You are immune to negative energy.
Your system is resistant to poisons.
You are immune to unholy pain and torment.
You can survive without breathing.


   Skills:
 - Level 3.0 Fighting
 - Level 2.4 Dodging
 - Level 1.5 Stealth
 + Level 4.1 Unarmed Combat


You had 2 spell levels left.
You didn't know any spells.

Inventory:

Missiles
 f - 14 poisoned needles
Armour
 a - a +0 robe (worn)
 g - a +0 pair of gloves (worn)
Scrolls
 b - a scroll of enchant armour {unknown}
 c - 3 scrolls of identify {unknown}
 d - 2 scrolls of remove curse {unknown}
Jewellery
 e - a cursed ring of loudness (left hand)
 h - a ring of protection from magic (right hand)

Dungeon Overview and Level Annotations

Branches:
Dungeon (2/15)

Altars:
Xom

#######.######
# #.# # #.# #
#.# #.# #.#
#.# #.# #M#
#K# #.......#
#.........#
......>..##
..........
........##
......##
.....#


You could see a kobold.


Message History

You are too injured to fight recklessly!
You are too injured to fight recklessly!
You are too injured to fight recklessly!
You are too injured to fight recklessly!
You are too injured to fight recklessly!
You are too injured to fight recklessly!
You are too injured to fight recklessly!
You are too injured to fight recklessly!
You are too injured to fight recklessly!
Unknown command.
The bat closely misses you.
You hit the bat.
You kill the bat!
You barely miss the adder. The adder bites you.
* * * LOW HITPOINT WARNING * * *
You closely miss the adder. The adder closely misses you.
You hit the adder.
The adder is severely wounded.
The adder barely misses you.
You closely miss the adder.
The adder is severely wounded.
The adder barely misses you. The adder misses you.
You hit the adder.
You kill the adder!
You have reached level 3!
Your experience leads to an increase in your attributes!
Increase (S)trength, (I)ntelligence, or (D)exterity?
You feel agile.
You closely miss the kobold. The kobold hits you with a whip.
You die...

Action                   || total
-------------------------++-------
Melee: Unarmed           ||   103

Vault maps used:
D:1:      scummos_arrival_gate, xom_teletrap_fun
D:2:      elyvilon_altar_4, okawaru_altar_gauntlet_db

Notes
Turn   | Place    | Note
--------------------------------------------------------------
     0 | D:1      | MistressOfTheSands, the Mummy Monk, began the quest for the Orb.
     0 | D:1      | Reached XP level 1. HP: 18/18 MP: 1/1
    31 | D:1      | Found a shimmering altar of Xom.
   122 | D:1      | Reached XP level 2. HP: 9/24 MP: 2/2
   705 | D:2      | Reached skill level 4 in Unarmed Combat
   835 | D:2      | HP: 2/24 [adder (5)]
   839 | D:2      | Reached XP level 3. HP: 3/29 MP: 3/3
   840 | D:2      | Slain by a kobold

Vanquished Creatures
  An adder (D:2)
  2 giant geckos (D:1)
  A giant cockroach (D:1)
  7 kobolds
  A ball python (D:1)
  6 bats
  2 goblins (D:1)
  A quokka (D:2)
  4 rats (D:1)
25 creatures vanquished.

Vanquished Creatures (others)
  A quokka (D:2)
1 creature vanquished.

Grand Total: 26 creatures vanquished
